 Dungeon Crawl Stone Soup version 0.31-a0-177-g4aa6249778 (webtiles) character file.

Game seed: 12356795611227730015

275 qw the Shooter (level 6, -4/57 HPs)
             Began as a Naga Hunter on June 18, 2023.
             Engulfed by a steam dragon's steam (10 damage)
             ... on level 5 of the Dungeon.
             The game lasted 00:01:06 (3653 turns).

qw the Shooter (Naga Hunter)                        Turns: 3653, Time: 00:01:07

Health: -4/57      AC:  4    Str: 13    XL:     6   Next: 25%
Magic:  6/6        EV:  9    Int:  9    God:
Gold:   298        SH:  0    Dex: 17    Spells: 5/5 levels left

rFire   . . .        Y - +0 shortbow
rCold   . . .        (shield currently unavailable)
rNeg    . . .        c - +0 leather armour
rPois   +            (no helmet)
rElec   .            (no cloak)
rCorr   .            d - +0 pair of gloves
SInv    +            (no barding)
Will    +....        (no amulet)
Stlth   ++           j - ring of willpower
HPRegen 0.29/turn    (no ring)
MPRegen 0.10/turn

%: no passive effects
@: short of breath, very slow
A: AC +2, large, see invisible, deformed body, poison resistance, slowness 2,
spit poison 1, naga tail 1
a: Spit Poison


You were on level 5 of the Dungeon.
You visited 2 branches of the dungeon, and saw 6 of its levels.

You collected 298 gold pieces.


Innate Abilities, Weirdness & Mutations

Your serpentine skin is tough. (AC +2)
You have supernaturally acute eyesight. (SInv)
Armour fits poorly on your strangely shaped body.
Your system is resistant to poisons. (rPois)
You cover ground very slowly.
You can spit poison.
You have a snake-like lower body.


   Skills:
 + Level 3.7 Fighting
 - Level 6.0 Ranged Weapons
 - Level 1.5 Dodging
 - Level 1.5 Stealth


You had 5 spell levels left.
You didn't know any spells.
Your spell library was empty.

Inventory:

Hand Weapons
 Y - a +0 shortbow (weapon)
Armour
 c - a +0 leather armour (worn)
 d - a +0 pair of gloves (worn)
Jewellery
 h - a ring of fire
 j - a ring of willpower (left hand)
 l - a ring of fire
Scrolls
 b - a scroll of identify
Potions
 a - 2 potions of curing
 e - a potion of might
 f - a potion of invisibility {unknown}
 i - a potion of resistance {unknown}
 k - a potion of magic {unknown}
 m - a potion of experience {unknown}
 n - a potion of mutation {unknown}

Dungeon Overview and Level Annotations

Branches:
Dungeon (5/15)             Temple (1/1) D:4

Altars:
Ashenzari
Dithmenos
Gozag
Hepliaklqana
Kikubaaqudgha
Nemelex Xobeh
Qazlal
Ru
Sif Muna
Uskayaw
Vehumet
Wu Jian
Xom
Yredelemnul
Zin

Annotations:
D:3 3 runed translucent doors, qw's ghost, amateur GrHu


Message History

You shoot an arrow.
The arrow hits the steam dragon but does no damage.
The steam dragon is lightly wounded.
The steam dragon barely misses you. x2
You shoot an arrow.
The arrow closely misses the steam dragon.
The steam dragon bites you but does no damage.
The steam dragon claws you.
You shoot an arrow. The arrow hits the steam dragon.
The steam dragon is lightly wounded.
The steam dragon bites you. The steam dragon barely misses you.
You shoot an arrow. The arrow hits the steam dragon.
The steam dragon is moderately wounded.
The steam dragon breathes steam at you. The ball of steam hits you!
You shoot an arrow.
The arrow barely misses the steam dragon.
You are engulfed in a cloud of scalding steam.
You have got your breath back.
The steam dragon misses you.
The steam dragon claws you but does no damage.
3650 ||| INVOKING Spit Poison.
Aiming: Spit Poison (1% risk of failure)
Press: ? - help, Shift-Dir - straight line, f/p - steam dragon The splash of poison misses the steam dragon.
You are engulfed in a cloud of scalding steam.
The steam dragon closely misses you. x2
You shoot an arrow.
The arrow closely misses the steam dragon.
The steam dragon bites you.
The steam dragon claws you but does no damage.
You shoot an arrow.
The arrow barely misses the steam dragon.
The steam dragon bites you. The steam dragon barely misses you.
The steam dragon breathes steam at you. The ball of steam hits you!
You shoot an arrow. The arrow hits the steam dragon.
The steam dragon is heavily wounded.
You are engulfed in a cloud of scalding steam.
You die...

# # ######.##
#.####........
##..@...?....#
#....D.<.....#
#..###...###.#
#.. .¤......
#....¤.(.....
.............#
###...........#
#.#.......#.#
#.##.....##.#


You could see a steam dragon (catching breath).

Vanquished Creatures
  A scorpion (D:4)
  2 hounds (D:4)
  Ijyb (D:4)
  3 gnolls (D:4)
  3 adders
  A white imp (D:4)
  A dart slug (D:1)
  4 orcs
  6 endoplasms
  2 giant cockroaches (D:2)
  8 goblins
  3 hobgoblins
  6 quokkas
  6 ball pythons
  5 bats
  3 frilled lizards
  9 kobolds
  4 rats
68 creatures vanquished.

Notes
Turn   | Place    | Note
-------+----------+-------------------------------------------
     0 | D:1      | qw the Naga Hunter began the quest for the Orb.
     0 | D:1      | Reached XP level 1. HP: 19/19 MP: 1/1
     0 | D:1      | 0 ||| qw: Version: 0.3-a-5-g6f28e65
     0 | D:1      | 0 ||| qw: Game counter: 666
     0 | D:1      | 0 ||| qw: Always use a shield: true
     0 | D:1      | 0 ||| qw: God list: Okawaru
     0 | D:1      | 0 ||| qw: Allow faded altars: false
     0 | D:1      | 0 ||| qw: Do Orc after D:15 true
     0 | D:1      | 0 ||| qw: Do second Lair branch before Depths: true
     0 | D:1      | 0 ||| qw: Lair rune preference: random
     0 | D:1      | 0 ||| qw: Plans: Normal
     0 | D:1      | 0 ||| PLANNING D:1-11
    60 | D:1      | 60 ||| INVOKING Spit Poison.
    63 | D:1      | 63 ||| INVOKING Spit Poison.
    97 | D:1      | 97 ||| INVOKING Spit Poison.
   121 | D:1      | Reached skill level 4 in Ranged Weapons
   121 | D:1      | Reached XP level 2. HP: 26/26 MP: 2/2
   148 | D:1      | 148 ||| INVOKING Spit Poison.
   156 | D:1      | 156 ||| INVOKING Spit Poison.
   161 | D:1      | Found a faded altar of an unknown god.
   167 | D:1      | 167 ||| INVOKING Spit Poison.
   207 | D:1      | 207 ||| INVOKING Spit Poison.
   585 | D:1      | 585 ||| INVOKING Spit Poison.
   588 | D:1      | 588 ||| INVOKING Spit Poison.
   626 | D:1      | 626 ||| READING scroll labelled CAGIUT XYIPU.
   727 | D:1      | 727 ||| READING scroll labelled OLUCOZXYQA.
   731 | D:1      | 731 ||| READING scroll labelled LAKAUXZ REARPH.
   732 | D:1      | 732 ||| DROPPING scroll of butterflies.
   755 | D:2      | 755 ||| INVOKING Spit Poison.
   761 | D:2      | 761 ||| STAIRDANCE
   763 | D:1      | 763 ||| INVOKING Spit Poison.
   766 | D:1      | Reached XP level 3. HP: 9/32 MP: 3/3
   929 | D:2      | 929 ||| INVOKING Spit Poison.
   931 | D:2      | 931 ||| INVOKING Spit Poison.
   937 | D:2      | 937 ||| INVOKING Spit Poison.
  1004 | D:2      | 1004 ||| INVOKING Spit Poison.
  1017 | D:2      | 1017 ||| INVOKING Spit Poison.
  1023 | D:2      | 1023 ||| INVOKING Spit Poison.
  1134 | D:2      | 1134 ||| INVOKING Spit Poison.
  1164 | D:2      | 1164 ||| INVOKING Spit Poison.
  1184 | D:2      | 1184 ||| INVOKING Spit Poison.
  1198 | D:2      | Reached skill level 5 in Ranged Weapons
  1200 | D:2      | Reached XP level 4. HP: 39/39 MP: 4/4
  1234 | D:2      | 1234 ||| INVOKING Spit Poison.
  1398 | D:2      | 1398 ||| INVOKING Spit Poison.
  1402 | D:2      | 1402 ||| INVOKING Spit Poison.
  1410 | D:2      | 1410 ||| INVOKING Spit Poison.
  1632 | D:2      | 1632 ||| READING scroll labelled GYPTIPT MELEUC.
  1633 | D:2      | 1633 ||| READING scroll labelled YMIMPI AVEMA.
  1634 | D:2      | 1634 ||| DRINKING 2 orange potions.
  1748 | D:3      | 1748 ||| INVOKING Spit Poison.
  1799 | D:3      | Noticed qw's ghost (amateur GrHu)
  1806 | D:3      | Found a runed translucent gate.
  1806 | D:3      | Found a runed translucent gate.
  1807 | D:3      | Found a runed translucent gate.
  1882 | D:3      | 1882 ||| INVOKING Spit Poison.
  2029 | D:3      | 2029 ||| INVOKING Spit Poison.
  2040 | D:3      | 2040 ||| INVOKING Spit Poison.
  2046 | D:3      | 2046 ||| INVOKING Spit Poison.
  2434 | D:3      | 2434 ||| UPGRADING to ring of willpower.
  2435 | D:3      | 2435 ||| READING scroll labelled FAPHIVV JERHUR.
  2436 | D:3      | 2436 ||| READING scroll labelled EMMOASCHINI.
  2437 | D:3      | 2437 ||| READING scroll labelled PEFOIR GEDITHRO.
  2453 | D:4      | 2453 ||| INVOKING Spit Poison.
  2454 | D:4      | Found a staircase to the Ecumenical Temple.
  2455 | D:4      | 2455 ||| PLANNING TEMPLE
  2458 | D:4      | 2458 ||| INVOKING Spit Poison.
  2464 | D:4      | 2464 ||| INVOKING Spit Poison.
  2472 | Temple   | Entered the Ecumenical Temple
  2498 | Temple   | 2498 ||| PLANNING D:1-11
  2531 | D:4      | Noticed a scorpion
  2532 | D:4      | 2532 ||| INVOKING Spit Poison.
  2533 | D:4      | Noticed Ijyb
  2535 | D:4      | Killed a scorpion
  2536 | D:4      | Reached skill level 3 in Fighting
  2536 | D:4      | Reached XP level 5. HP: 42/50 MP: 5/5
  2537 | D:4      | 2537 ||| INVOKING Spit Poison.
  2542 | D:4      | 2542 ||| INVOKING Spit Poison.
  2548 | D:4      | 2548 ||| INVOKING Spit Poison.
  2552 | D:4      | Killed Ijyb
  2728 | D:4      | 2728 ||| INVOKING Spit Poison.
  2734 | D:4      | 2734 ||| INVOKING Spit Poison.
  2816 | D:4      | 2816 ||| INVOKING Spit Poison.
  2865 | D:4      | 2865 ||| INVOKING Spit Poison.
  2879 | D:4      | Found a shadowy altar of Dithmenos.
  2883 | D:4      | Found a radiant altar of Vehumet.
  2887 | D:4      | Found a hide-covered altar of Uskayaw.
  2931 | D:4      | Identified the +0 pair of boots of Luxeh {Will++ rCorr}
  3024 | D:4      | 3024 ||| INVOKING Spit Poison.
  3030 | D:4      | 3030 ||| INVOKING Spit Poison.
  3031 | D:4      | 3031 ||| INVOKING Spit Poison.
  3035 | D:4      | Reached XP level 6. HP: 46/57 MP: 6/6
  3082 | D:4      | 3082 ||| INVOKING Spit Poison.
  3210 | D:4      | 3210 ||| UPGRADING to +0 pair of gloves.
  3215 | D:4      | 3215 ||| READING scroll labelled FUJACZ QIONYOTS.
  3216 | D:4      | 3216 ||| READING 2 scrolls of identify.
  3216 | D:4      | 3216 ||| IDENTIFYING yellow potion
  3257 | D:5      | Entered Level 5 of the Dungeon
  3259 | D:5      | 3259 ||| INVOKING Spit Poison.
  3263 | D:5      | 3263 ||| INVOKING Spit Poison.
  3266 | D:5      | Noticed a steam dragon
  3267 | D:5      | 3267 ||| STAIRDANCE
  3269 | D:4      | 3269 ||| INVOKING Spit Poison.
  3272 | D:4      | HP: 14/57 [hound (2)]
  3273 | D:4      | 3273 ||| READING scroll of teleportation.
  3274 | D:4      | 3274 ||| INVOKING Spit Poison.
  3282 | D:4      | 3282 ||| INVOKING Spit Poison.
  3289 | D:4      | HP: 14/57 [white imp (2)]
  3291 | D:4      | Reached skill level 6 in Ranged Weapons
  3448 | D:5      | 3448 ||| STAIRDANCE
  3519 | D:5      | 3519 ||| INVOKING Spit Poison.
  3520 | D:5      | 3520 ||| STAIRDANCE
  3559 | D:5      | 3559 ||| INVOKING Spit Poison.
  3560 | D:5      | 3560 ||| STAIRDANCE
  3641 | D:5      | 3641 ||| Stepping ~*~*~tactically~*~*~ (cloud).
  3644 | D:5      | 3644 ||| INVOKING Spit Poison.
  3650 | D:5      | 3650 ||| INVOKING Spit Poison.
  3652 | D:5      | HP: 6/57 [steam dragon/ball of steam (17)]
  3653 | D:5      | Engulfed by a steam dragon's steam

Levels and vault maps discovered:
D:1:      enne_arrival_octagon_isle, layout_loops_ring,
          hellmonk_ecumenical_altar_blasted
D:2:      layout_basic
D:3:      layout_basic, gammafunk_ghost_split, serial_curves, eino_curves_01,
          eino_curves_03
D:4:      layout_loops_ring, grunt_temple_overflow_diamond,
          minmay_temple_entry_crystal_x, minivault_26, uniq_ijyb
D:5:      layout_loops_ring, nicolae_elyvilon_temple_path,
          mainiacjoe_overflow_surrounded_room, mainiacjoe_overflow_catwalk,
          chequers_temple_overflow_statue_of_worship, uniq_duvessa
Temple:   nicolae_temple_ecumenical_triangle

Skill      XL: |  1  2  3  4  5  6 |
---------------+-------------------+-----
Ranged Weapons | 4 5 6 |  6.0
Fighting       | 3 |  3.7
Dodging        | |  1.5
Stealth        | |  1.5

Action                     |  1- 3 |  4- 6 || total
---------------------------+-------+-------++-------
   Fire: Shortbow          |    65 |    94 ||   159
Ability: Spit Poison       |    19 |    32 ||    51
    Use: Scroll            |     3 |     8 ||    11
         Potion            |       |     1 ||     1
 Armour: Leather armour    |     3 |    19 ||    22
  Dodge: Dodged            |    14 |    41 ||    55

Table legend:
 A = Non-vault XP
 B = Vault XP
 C = Vault XP percentage of total XP
 D = Non-vault monster count
 E = Vault monster count
 F = Vault count percentage of total count
                 A         B        C        D         E       F
            +---------+---------+-------+---------+---------+-------
      Total |     359 |      35 |   8.9 |      67 |       1 |   1.5
            +---------+---------+-------+---------+---------+-------
        D:1 |      45 |       0 |   0.0 |      21 |       0 |   0.0
        D:2 |      43 |       0 |   0.0 |      18 |       0 |   0.0
        D:3 |      14 |       0 |   0.0 |      10 |       0 |   0.0
        D:4 |     243 |      35 |  12.6 |      17 |       1 |   5.6
        D:5 |      14 |       0 |   0.0 |       1 |       0 |   0.0
            +---------+---------+-------+---------+---------+-------
